[ AOE2 MATCH · #506357790 ]
UnrankedTupi vs Britons
Player's team · WIN
Rival team · LOSS
[ REPLAY ANALYSIS · EXTRACTED FROM THE RECORDED GAME ]
Feudal
12:17
Castle
23:34
Imperial
38:30
| APM avg | 36.9 |
| APM peak | 82 |
| eAPM avg | 19.5 |
| Villagers / military | 179 / 202 |
Focus
⚔️ 32.2% · 🌾 67.8%
Unknown (2550) ×124 · Archer ×104 · Spearman ×60 · Trebuchet (Packed) ×12 · Battering Ram ×10 · Mangonel ×8
Feudal
9:18
Castle
22:44
Imperial
37:08
| APM avg | 52.1 |
| APM peak | 94 |
| eAPM avg | 28.0 |
| Villagers / military | 248 / 527 |
Focus
⚔️ 31.0% · 🌾 69.0%
Scout Cavalry ×206 · Skirmisher ×193 · Knight ×62 · Longbowman ×37 · Trebuchet (Packed) ×19 · Mangonel ×4
Match map
Initial resources + every placement click. Lines = walls · curves = elevation contours. ◆ gold · ⬟ stone · ● berries · ✦ relic · ◌ wall gap
Your base· Open — opponent sealed themselves in
GrassFedBeef's base· ✓ Closed at 22:44 · 56t walls · 1 gate(s)
Smoothed initial terrain · ◌ = detected wall gap · hover for details
Inputs per minute
— THEMADBANANAMAN - - GrassFedBeef
Build order — THEMADBANANAMAN
First 150 of 583 actions detected
| 0:00 | Queue | Villager (Male) |
| 0:00 | Queue | Villager (Male) |
| 0:02 | Build | House |
| 0:03 | Build | House |
| 0:12 | Queue | Villager (Male) |
| 0:18 | Queue | Villager (Male) |
| 1:11 | Queue | Villager (Male) |
| 1:35 | Queue | Villager (Male) |
| 2:02 | Queue | Villager (Male) |
| 2:33 | Build | Settlement |
| 2:44 | Queue | Villager (Male) |
| 3:07 | Queue | Villager (Male) |
| 3:21 | Queue | Villager (Male) |
| 3:30 | Queue | Villager (Male) |
| 4:00 | Queue | Villager (Male) |
| 4:13 | Queue | Villager (Male) |
| 4:47 | Build | House |
| 4:57 | Queue | Villager (Male) |
| 5:27 | Build | Barracks |
| 5:27 | Queue | Villager (Male) |
| 5:52 | Queue | Villager (Male) |
| 6:22 | Queue | Villager (Male) |
| 6:39 | Queue | Unit 2550 |
| 6:40 | Queue | Unit 2550 |
| 6:46 | Queue | Villager (Male) |
| 6:51 | Build | Settlement |
| 7:08 | Queue | Villager (Male) |
| 7:19 | Queue | Unit 2550 |
| 7:56 | Queue | Villager (Male) |
| 8:06 | Queue | Unit 2550 |
| 8:32 | Queue | Villager (Male) |
| 8:37 | Queue | Villager (Male) |
| 8:57 | Queue | Villager (Male) |
| 9:05 | Queue | Unit 2550 |
| 9:20 | Queue | Unit 2550 |
| 9:26 | Build | House |
| 9:38 | Queue | Villager (Male) |
| 10:07 | Research | Feudal Age |
| 10:29 | Research | Loom |
| 10:55 | Build | Settlement |
| 11:22 | Build | House |
| 11:48 | Build | Farm |
| 11:50 | Build | Farm |
| 11:54 | Build | House |
| 12:15 | Queue | Villager (Male) |
| 12:15 | Queue | Villager (Male) |
| 12:17 | Age | Feudal Age |
| 12:22 | Queue | Spearman |
| 12:28 | Research | Double-Bit Axe |
| 12:41 | Queue | Villager (Male) |
| 12:59 | Queue | Villager (Male) |
| 13:19 | Build | Archery Range |
| 13:21 | Queue | Villager (Male) |
| 13:46 | Queue | Villager (Male) |
| 13:48 | Queue | Spearman |
| 14:12 | Build | Blacksmith |
| 14:13 | Build | House |
| 14:15 | Queue | Archer |
| 14:15 | Queue | Archer |
| 14:15 | Queue | Archer |
| 14:19 | Build | Farm |
| 14:29 | Build | Farm |
| 14:58 | Build | Farm |
| 14:59 | Build | Farm |
| 15:05 | Build | Farm |
| 15:09 | Research | Fletching |
| 15:20 | Build | Palisade Wall |
| 15:21 | Queue | Villager (Male) |
| 15:22 | Queue | Villager (Male) |
| 15:26 | Build | Farm |
| 15:42 | Build | House |
| 15:45 | Build | House |
| 15:49 | Build | House |
| 15:49 | Build | House |
| 15:52 | Queue | Villager (Male) |
| 15:57 | Queue | Villager (Male) |
| 15:59 | Queue | Archer |
| 16:20 | Build | Farm |
| 16:25 | Build | Farm |
| 16:28 | Build | Farm |
| 16:44 | Queue | Villager (Male) |
| 16:47 | Queue | Archer |
| 16:49 | Build | House |
| 17:02 | Queue | Villager (Male) |
| 17:04 | Build | Farm |
| 17:13 | Queue | Spearman |
| 17:14 | Queue | Villager (Male) |
| 17:15 | Queue | Archer |
| 17:38 | Queue | Archer |
| 17:41 | Research | Padded Archer Armor |
| 17:46 | Build | Blacksmith |
| 17:47 | Build | Palisade Wall |
| 17:53 | Build | Farm |
| 17:56 | Build | Farm |
| 17:58 | Build | Farm |
| 18:00 | Build | Farm |
| 18:13 | Queue | Villager (Male) |
| 18:28 | Build | Farm |
| 18:33 | Queue | Villager (Male) |
| 18:46 | Build | Market |
| 19:00 | Queue | Villager (Male) |
| 19:14 | Queue | Villager (Male) |
| 19:19 | Queue | Archer |
| 19:19 | Queue | Archer |
| 19:24 | Build | Farm |
| 19:25 | Build | Farm |
| 19:41 | Build | House |
| 19:47 | Queue | Villager (Male) |
| 20:09 | Build | Archery Range |
| 20:15 | Build | Farm |
| 20:16 | Build | Farm |
| 20:18 | Build | Farm |
| 20:21 | Queue | Villager (Male) |
| 20:54 | Research | Castle Age |
| 20:57 | Queue | Archer |
| 20:57 | Queue | Archer |
| 21:01 | Build | House |
| 21:13 | Research | Tech 1402 |
| 21:17 | Queue | Archer |
| 21:55 | Research | Arson |
| 22:02 | Research | Horse Collar |
| 22:10 | Build | Palisade Gate |
| 22:11 | Build | Palisade Wall |
| 22:17 | Queue | Archer |
| 22:17 | Queue | Archer |
| 22:44 | Build | House |
| 22:47 | Queue | Archer |
| 22:56 | Queue | Archer |
| 22:58 | Build | Palisade Wall |
| 23:19 | Build | House |
| 23:30 | Queue | Archer |
| 23:30 | Queue | Archer |
| 23:34 | Age | Castle Age |
| 24:10 | Queue | Villager (Male) |
| 24:10 | Queue | Villager (Male) |
| 24:18 | Build | Town Center |
| 24:23 | Research | Bodkin Arrow |
| 24:25 | Research | Crossbowman (upgrade) |
| 24:32 | Queue | Villager (Male) |
| 24:50 | Build | Siege Workshop |
| 24:59 | Research | Gold Mining |
| 25:03 | Research | Bow Saw |
| 25:09 | Build | Farm |
| 25:11 | Queue | Villager (Male) |
| 25:11 | Queue | Villager (Male) |
| 25:15 | Queue | Villager (Male) |
| 25:27 | Queue | Unit 2550 |
| 25:28 | Queue | Unit 2550 |
| 25:39 | Queue | Villager (Male) |
| 25:52 | Queue | Villager (Male) |
Build order — GrassFedBeef
First 150 of 771 actions detected
| 0:00 | Queue | Villager (Male) ×4 |
| 0:02 | Build | House |
| 0:02 | Build | House |
| 1:19 | Queue | Villager (Male) |
| 1:19 | Queue | Villager (Male) |
| 1:43 | Queue | Villager (Male) |
| 1:43 | Queue | Villager (Male) |
| 1:53 | Build | Lumber Camp |
| 2:04 | Queue | Villager (Male) |
| 2:33 | Queue | Villager (Male) |
| 2:38 | Queue | Villager (Male) |
| 3:01 | Build | House |
| 3:34 | Build | House |
| 3:38 | Queue | Villager (Male) |
| 4:05 | Queue | Villager (Male) |
| 4:16 | Build | Palisade Wall |
| 4:17 | Build | Palisade Wall |
| 4:20 | Build | Palisade Wall |
| 4:22 | Build | Palisade Wall |
| 4:30 | Queue | Villager (Male) |
| 4:53 | Queue | Villager (Male) |
| 5:17 | Queue | Villager (Male) |
| 5:21 | Build | Mill |
| 5:34 | Queue | Villager (Male) |
| 5:46 | Queue | Villager (Male) |
| 6:26 | Queue | Villager (Male) |
| 6:41 | Research | Loom |
| 7:08 | Research | Feudal Age |
| 7:20 | Build | Barracks |
| 7:31 | Queue | Villager (Male) |
| 7:42 | Build | Palisade Wall |
| 8:34 | Build | House |
| 8:38 | Build | Palisade Wall |
| 8:48 | Build | Mill |
| 9:18 | Age | Feudal Age |
| 9:19 | Build | Palisade Gate |
| 9:30 | Queue | Villager (Male) |
| 9:48 | Build | Stable |
| 9:54 | Queue | Villager (Male) |
| 10:07 | Research | Double-Bit Axe |
| 10:26 | Queue | Villager (Male) |
| 10:33 | Queue | Scout Cavalry |
| 10:33 | Queue | Scout Cavalry |
| 10:36 | Build | Farm |
| 10:38 | Queue | Villager (Male) |
| 10:54 | Queue | Scout Cavalry |
| 10:54 | Queue | Villager (Male) |
| 11:03 | Build | House |
| 11:05 | Build | Palisade Wall |
| 11:25 | Queue | Scout Cavalry |
| 11:25 | Queue | Villager (Male) |
| 11:52 | Queue | Villager (Male) |
| 12:00 | Build | Blacksmith |
| 12:05 | Queue | Scout Cavalry |
| 12:06 | Queue | Villager (Male) |
| 12:08 | Build | Farm |
| 12:10 | Build | Farm |
| 12:15 | Build | Farm |
| 12:22 | Research | Horse Collar |
| 12:25 | Queue | Villager (Male) |
| 12:32 | Build | House |
| 12:59 | Queue | Villager (Male) |
| 13:12 | Build | House |
| 13:21 | Build | Palisade Wall |
| 13:23 | Build | Palisade Wall |
| 13:25 | Queue | Villager (Male) |
| 13:27 | Build | Farm |
| 13:29 | Queue | Scout Cavalry |
| 13:49 | Queue | Villager (Male) |
| 13:57 | Build | Farm |
| 14:09 | Build | House |
| 14:09 | Queue | Villager (Male) |
| 14:18 | Build | Farm |
| 14:19 | Queue | Villager (Male) |
| 14:23 | Build | House |
| 14:25 | Build | Farm |
| 14:28 | Build | Mining Camp |
| 14:33 | Queue | Scout Cavalry |
| 14:42 | Build | Palisade Wall |
| 14:47 | Queue | Villager (Male) |
| 14:51 | Build | Farm |
| 14:59 | Build | Farm |
| 15:09 | Queue | Villager (Male) |
| 15:15 | Build | Farm |
| 15:19 | Research | Scale Barding Armor |
| 15:24 | Build | Farm |
| 15:35 | Queue | Villager (Male) |
| 15:38 | Build | Farm |
| 15:44 | Build | Farm |
| 15:48 | Queue | Villager (Male) |
| 15:54 | Build | House |
| 15:56 | Build | Palisade Wall |
| 16:02 | Build | Palisade Wall |
| 16:07 | Build | Farm |
| 16:08 | Queue | Villager (Male) |
| 16:19 | Queue | Scout Cavalry |
| 16:46 | Queue | Villager (Male) |
| 16:50 | Build | Farm |
| 16:52 | Build | House |
| 17:33 | Queue | Villager (Male) |
| 17:41 | Build | Farm |
| 17:41 | Build | Farm |
| 17:41 | Build | Farm |
| 17:41 | Build | Farm |
| 17:42 | Build | Farm |
| 17:42 | Queue | Villager (Male) |
| 17:45 | Build | House |
| 18:02 | Queue | Villager (Male) |
| 18:14 | Build | Farm |
| 18:16 | Build | House |
| 18:19 | Build | Palisade Wall |
| 18:20 | Build | Palisade Wall |
| 18:31 | Build | Market |
| 18:41 | Build | House |
| 18:44 | Build | Palisade Wall |
| 18:46 | Queue | Villager (Male) |
| 18:49 | Build | Palisade Wall |
| 19:01 | Queue | Villager (Male) |
| 19:16 | Build | Farm |
| 19:28 | Build | Farm |
| 19:50 | Build | Watch Tower |
| 19:58 | Build | House |
| 20:04 | Research | Castle Age |
| 20:31 | Build | Archery Range |
| 20:37 | Queue | Villager (Male) |
| 20:42 | Build | Lumber Camp |
| 21:23 | Build | Market |
| 21:26 | Queue | Villager (Male) |
| 21:47 | Research | Gold Mining |
| 22:07 | Build | Market |
| 22:12 | Queue | Skirmisher |
| 22:12 | Queue | Skirmisher |
| 22:29 | Queue | Skirmisher |
| 22:31 | Research | Forging |
| 22:34 | Research | Fletching |
| 22:35 | Research | Padded Archer Armor |
| 22:44 | Age | Castle Age |
| 22:56 | Queue | Villager (Male) |
| 23:02 | Build | Town Center |
| 23:12 | Build | Town Center |
| 23:23 | Queue | Skirmisher |
| 23:24 | Queue | Skirmisher |
| 23:31 | Queue | Skirmisher |
| 23:31 | Queue | Skirmisher |
| 23:32 | Queue | Villager (Male) |
| 24:16 | Research | Wheelbarrow |
| 24:21 | Queue | Villager (Male) |
| 24:24 | Queue | Villager (Male) |
| 24:30 | Build | Farm |
| 24:31 | Queue | Villager (Male) |
Match timeline
| 4:16 | GrassFedBeef · wall_segment Palisade Wall x4 |
| 4:17 | GrassFedBeef · wall_segment Palisade Wall x2 |
| 4:20 | GrassFedBeef · wall_segment Palisade Wall x5 |
| 4:22 | GrassFedBeef · wall_segment Palisade Wall x4 |
| 5:27 | THEMADBANANAMAN · first_building Barracks |
| 7:20 | GrassFedBeef · first_building Barracks |
| 7:42 | GrassFedBeef · wall_segment Palisade Wall x1 |
| 8:38 | GrassFedBeef · wall_segment Palisade Wall x5 |
| 9:18 | GrassFedBeef · age_up feudal |
| 9:48 | GrassFedBeef · first_building Stable |
| 11:05 | GrassFedBeef · wall_segment Palisade Wall x1 |
| 12:17 | THEMADBANANAMAN · age_up feudal |
| 13:19 | THEMADBANANAMAN · first_building Archery Range |
| 13:21 | GrassFedBeef · wall_segment Palisade Wall x1 |
| 13:23 | GrassFedBeef · wall_segment Palisade Wall x1 |
| 14:42 | GrassFedBeef · wall_segment Palisade Wall x14 |
| 15:20 | THEMADBANANAMAN · wall_segment Palisade Wall x13 |
| 15:56 | GrassFedBeef · wall_segment Palisade Wall x4 |
| 16:02 | GrassFedBeef · wall_segment Palisade Wall x9 |
| 17:47 | THEMADBANANAMAN · wall_segment Palisade Wall x1 |
| 18:19 | GrassFedBeef · wall_segment Palisade Wall x3 |
| 18:20 | GrassFedBeef · wall_segment Palisade Wall x1 |
| 18:44 | GrassFedBeef · wall_segment Palisade Wall x1 |
| 18:49 | GrassFedBeef · wall_segment Palisade Wall x1 |
| 20:31 | GrassFedBeef · first_building Archery Range |
| 22:11 | THEMADBANANAMAN · wall_segment Palisade Wall x1 |
| 22:44 | GrassFedBeef · age_up castle |
| 22:50 | GrassFedBeef · first_market_sell 100 food |
| 22:52 | GrassFedBeef · first_market_buy 100 stone |
| 22:58 | THEMADBANANAMAN · wall_segment Palisade Wall x1 |
| 23:34 | THEMADBANANAMAN · age_up castle |
| 24:50 | THEMADBANANAMAN · first_building Siege Workshop |
| 25:12 | GrassFedBeef · first_building Siege Workshop |
| 27:08 | THEMADBANANAMAN · first_market_sell 100 food |
| 29:39 | GrassFedBeef · first_building Castle |
| 34:12 | THEMADBANANAMAN · first_building Monastery |
| 34:28 | THEMADBANANAMAN · first_market_buy 100 food |
| 37:08 | GrassFedBeef · age_up imperial |
| 38:30 | THEMADBANANAMAN · age_up imperial |
| 38:46 | THEMADBANANAMAN · first_building Castle |
| 55:42 | GrassFedBeef · first_building Monastery |
| 71:50 | GrassFedBeef · resign |
[ AI ANALYSIS · 1 CREDIT ]
What really happened in this match?
Wolo.gg analyzes every decision: build order, eco, micro, common mistakes by bracket. Personalized analysis on WhatsApp or Discord in 30 seconds.
Civ guide
Tupi
Perfil
THEMADBANANAMAN